 Dungeon Sprint DCSS version 0.25-a0-41-g6cf4ce537d (webtiles) character file.

Game seed: 16915227671622317166, levelgen mode: deterministic

1894 GordonOverkill the Blocker (level 8, -4/87 HPs)
             Began as a Deep Dwarf Fighter on Oct 21, 2019.
             Was a Follower of Makhleb.
             Slain by Sonja
             ... wielding a +0 dagger of draining
              (6 damage)
             ... in the Dungeon (Sprint I: "Red Sonja").
             The game lasted 00:03:01 (318 turns).

GordonOverkill the Blocker (Deep Dwarf Fighter)      Turns: 318, Time: 00:03:02

Health: -4/87      AC:  7    Str: 22    XL:     8   Next: 93%
Magic:  3/3        EV:  6    Int:  9    God:    Makhleb [*.....]
Gold:   315        SH:  7    Dex: 12    Spells: 7/7 levels left

rFire    . . .     SeeInvis .   a - +0 war axe
rCold    . . .     Gourm    .   c - +0 shield
rNeg     . . .     Faith    .   b - +0 scale mail
rPois    .         Spirit   .   (no helmet)
rElec    .         Reflect  .   (no cloak)
rCorr    .         Harm     .   m - +0 pair of gloves
MR       +....     NoTele   +   (no boots)
Stlth    ..........             (no amulet)
HPRegen  0.00/turn              (no ring)
MPRegen  0.08/turn              (no ring)

@: non-regenerating, extremely drained
A: damage resistance, heal wounds, sense surroundings 1, no regeneration
a: Heal Wounds, Renounce Religion


You were in the Dungeon.
You worshipped Makhleb.
Makhleb was aware of your devotion.
You were not hungry.

You visited 1 branch You collected 315 gold pieces.

Inventory:

Hand Weapons
 a - a +0 war axe (weapon)
Missiles
 n - a throwing net (quivered)
Armour
 b - a +0 scale mail (worn)
 c - a +0 shield (worn)
 m - a +0 pair of gloves (worn)
Scrolls
 k - a scroll of blinking
Potions
 d - a potion of might
 e - a potion of curing
 g - a potion of heal wounds
 h - a potion of haste
 i - 2 potions of magic
Comestibles
 f - a ration
 l - 2 chunks of flesh


   Skills:
 - Level 10.3(0.0) Fighting
 + Level 11.8(0.0) Axes
 - Level 8.7(0.0) Armour
 + Level 12.1(0.0) Shields


You had 7 spell levels left.
You didn't know any spells.
Your spell library was empty.

Dungeon Overview and Level Annotations

Branches:
Dungeon (1/1)

Altars:
Cheibriados
Dithmenos
Elyvilon
Fedhas
Gozag
Hepliaklqana
Kikubaaqudgha
Makhleb
Nemelex Xobeh
Okawaru
Qazlal
Ru
Sif Muna
Trog
Uskayaw
Vehumet
Wu Jian
Xom
Yredelemnul
Zin
The Shining One
Jiyva
Lugonu

Shops:
D !

Annotations:
D Sonja


Innate Abilities, Weirdness & Mutations

You are resistant to damage.
You can heal yourself by infusing magical energy.
You passively map a small area around you.
You do not regenerate.


Message History

You feel drained. Sonja completely misses you.
Sonja hits you with a +0 dagger of draining.
* * * LOW HITPOINT WARNING * * *
You feel drained.
* * * LOW HITPOINT WARNING * * *
Sonja hits you with a +0 dagger of draining.
* * * LOW HITPOINT WARNING * * *
You feel drained. You block Sonja's attack. Sonja hits you but does no damage.
You feel drained.
Okay, then.
You miss Sonja. Sonja hits you but does no damage.
You feel drained.
Sonja hits you with a +0 dagger of draining.
You feel drained. Sonja hits you but does no damage.
You feel drained.
Sonja hits you with a +0 dagger of draining.
* * * LOW HITPOINT WARNING * * *
You feel drained. You block Sonja's attack. x2
You completely miss Sonja.
Sonja shouts, "Too slow!"
Sonja hits you with a +0 dagger of draining!
You die...

###################
#<.#..)..#..'..#__#
#..'[.#..').#..'..+ *
#..#####'#####'#__####
,
#..####..#...#.####§§#
#..#__####..##)#≈§§§§#
,
#..#_____##'#_.'≈§§§)+
,
#⌠⌠#_.∩...'@K._#≈≈≈.§#
*
####_..__##_(#+##'####
* #_____###'# #§§((#
*, #######*#(# ##+###
, +$.$+ , ∩* , ++ +
**#$.$# * * *** , ,,*
##.##* * , , ,#+# , ,*
,, + *


You could see Sonja.

Vanquished Creatures
  2 centaur warriors (D)
  A slime creature (D)
  Sigmund (D)
  A yak (D)
  An ogre (D)
  A jelly (D)
  Ijyb (D)
8 creatures vanquished.

Notes
Turn   | Place    | Note
-------+----------+-------------------------------------------
     0 | D        | GordonOverkill the Deep Dwarf Fighter began the quest for
                  | the Orb.
     0 | D        | Reached XP level 1. HP: 20/20 MP: 1/1
     1 | D        | Noticed Ijyb
    20 | D        | Killed Ijyb
    20 | D        | Reached skill level 4 in Shields
    20 | D        | Reached XP level 2. HP: 27/30 MP: 2/2
    25 | D        | Noticed an ogre
    33 | D        | Killed an ogre
    33 | D        | Reached skill level 5 in Fighting
    33 | D        | Reached skill level 5 in Axes
    33 | D        | Reached skill level 6 in Shields
    33 | D        | Reached XP level 3. HP: 22/39 MP: 3/3
    33 | D        | Reached XP level 4. HP: 26/46 MP: 4/4
    43 | D        | Noticed Sigmund
    55 | D        | Killed Sigmund
    55 | D        | Reached skill level 7 in Shields
    55 | D        | Reached XP level 5. HP: 41/55 MP: 5/5
    55 | D        | Reached XP level 6. HP: 47/62 MP: 6/6
    71 | D        | Found a burning altar of Makhleb.
    71 | D        | Found a viscous altar of Jiyva.
    71 | D        | Found a shimmering altar of Xom.
    71 | D        | Found a corrupted altar of Lugonu.
    71 | D        | Noticed a slime creature
    85 | D        | Killed a slime creature
    85 | D        | Reached skill level 8 in Shields
    89 | D        | Became a worshipper of Makhleb the Destroyer
    93 | D        | Found an ornate altar of the Wu Jian Council.
    93 | D        | Found a shimmering blue altar of Sif Muna.
    95 | D        | Found a radiant altar of Vehumet.
   127 | D        | Found Moffugomp's Distillery.
   127 | D        | Found an ancient bone altar of Kikubaaqudgha.
   127 | D        | Found a hazy altar of Hepliaklqana.
   127 | D        | Found a stormy altar of Qazlal.
   127 | D        | Found a hide-covered altar of Uskayaw.
   127 | D        | Found a blossoming altar of Fedhas.
   127 | D        | Found a bloodstained altar of Trog.
   127 | D        | Found an iron altar of Okawaru.
   127 | D        | Found a basalt altar of Yredelemnul.
   127 | D        | Found a glowing golden altar of the Shining One.
   127 | D        | Found a snail-covered altar of Cheibriados.
   127 | D        | Found a sacrificial altar of Ru.
   127 | D        | Found a glowing silver altar of Zin.
   127 | D        | Found a shadowy altar of Dithmenos.
   127 | D        | Found a white marble altar of Elyvilon.
   127 | D        | Noticed a yak
   133 | D        | Killed a yak
   133 | D        | Reached skill level 9 in Shields
   133 | D        | Reached XP level 7. HP: 33/73 MP: 7/7
   134 | D        | Found an opulent altar of Gozag.
   135 | D        | Found a sparkling altar of Nemelex Xobeh.
   149 | D        | Noticed a centaur warrior
   150 | D        | Noticed a centaur warrior
   166 | D        | HP: 2/73 [centaur warrior (7)]
   176 | D        | Killed a centaur warrior
   176 | D        | Reached * piety under Makhleb
   176 | D        | Reached skill level 10 in Axes
   176 | D        | Reached skill level 11 in Shields
   176 | D        | Reached XP level 8. HP: 27/85 MP: 4/4
   194 | D        | Killed a centaur warrior
   194 | D        | Reached skill level 10 in Fighting
   194 | D        | Reached skill level 12 in Shields
   222 | D        | Noticed Sonja
   316 | D        | HP: 4/87 [Sonja/+0 dagger of draining (1)]
   318 | D        | Slain by Sonja

Levels and vault maps discovered:
D:        dungeon_sprint_1 [red_sonja_temple_1, red_sonja_temple_small_1]

Skill      XL: |  1  2  3  4  5  6  7  8 |
---------------+-------------------------+-----
Fighting       | 3 5 6 7 9 10 | 10.3
Axes           | 3 5 7 9 10 11 | 11.8
Armour         | 4 6 7 8 |  8.7
Shields        | 4 6 7 9 11 12 | 12.1

Action                   |  1- 3 |  4- 6 |  7- 9 || total
-------------------------+-------+-------+-------++-------
Melee: War axe           |    25 |    31 |    93 ||   149
 Abil: Heal Wounds       |       |     2 |    11 ||    13
  Use: Potion            |       |       |     1 ||     1
Armor: Scale mail        |     7 |     2 |   129 ||   138
Dodge: Dodged            |     9 |    11 |    61 ||    81
Block: Shield            |    11 |     9 |   111 ||   131

Table legend:
 A = Non-vault XP
 B = Vault XP
 C = Vault XP percentage of total XP
 D = Non-vault monster count
 E = Vault monster count
 F = Vault count percentage of total count
                 A         B        C        D         E       F
            +---------+---------+-------+---------+---------+-------
      Total |       0 |    2707 | 100.0 |       0 |       8 | 100.0
            +---------+---------+-------+---------+---------+-------
          D |       0 |    2707 | 100.0 |       0 |       8 | 100.0
            +---------+---------+-------+---------+---------+-------
